 Dungeon Crawl Stone Soup version 0.31-b1-22-gc680215f68 (webtiles) character file.

Game seed: 14397291924029300708

9037 groovy9 the Cleaver (level 11, 0/66 HPs)
             Began as a Gargoyle Berserker on Jan 19, 2024.
             Was a Believer of Trog.
             Slain by a fire elemental (5 damage)
             ... summoned by a deep elf pyromancer
             ... on level 11 of the Dungeon.
             The game lasted 00:33:17 (9812 turns).

groovy9 the Cleaver (Gargoyle Berserker)            Turns: 9812, Time: 00:33:17

Health: 0/66       AC: 24    Str: 25    XL:     11   Next: 40%
Magic:  11/11      EV:  7    Int:  8    God:    Trog [**....]
Gold:   497        SH:  6    Dex: 21    Spells: 10/10 levels left

rFire   . . .        r - +0 broad axe
rCold   . . .        l - +0 buckler
rNeg    + . .        k - +0 plate armour
rPois   ∞            (no helmet)
rElec   +            a - +1 cloak {rCorr}
rCorr   +            (no gloves)
SInv    .            h - +0 pair of boots
Will    ++...        (no amulet) Stlth
                     g - +6 ring of dexterity
HPRegen 1.31/turn    o - +6 ring of dexterity
MPRegen 0.12/turn

%: no passive effects
@: on fire, strong-willed, on berserk cooldown, regenerating, slowed, glowing,
very slow
A: sickness immunity, AC +8, negative energy resistance 1, electricity
resistance, torment resistance 1, petrification resistance
a: Renounce Religion, Berserk, Trog's Hand


You were on level 11 of the Dungeon.
You worshipped Trog.
Trog was pleased with you.
You visited 2 branches of the dungeon, and saw 12 of its levels.
You also visited: Bailey.

You collected 497 gold pieces.

Inventory:

Hand Weapons
 r - a +0 broad axe (weapon)
Missiles
 w - 2 throwing nets (quivered)
Armour
 a - a +1 cloak of preservation (worn)
 h - a +0 pair of boots (worn)
 k - a +0 plate armour (worn)
 l - a +0 buckler (worn)
Jewellery
 g - a +6 ring of dexterity (left hand)
 o - a +6 ring of dexterity (right hand)
 B - a ring of ice
Wands
 n - a wand of digging (4)
 p - a wand of polymorph (2)
 x - a wand of flame (10)
 y - a wand of roots (3)
Scrolls
 f - 3 scrolls of enchant armour
 j - 3 scrolls of revelation
 m - 3 scrolls of teleportation
 u - a scroll of vulnerability
 v - a scroll of immolation
 A - a scroll of brand weapon {unknown}
 C - a scroll of fog
 D - a scroll of torment {unknown}
Potions
 b - 4 potions of curing
 c - 2 potions of enlightenment {unknown}
 d - 3 potions of ambrosia
 e - 2 potions of might {unknown}
 i - 3 potions of heal wounds {unknown}
 q - a potion of berserk rage {unknown}
 s - a potion of cancellation {unknown}
 t - a potion of lignification {unknown}
 z - 4 potions of mutation {unknown}


   Skills:
 - Level 6.5 Fighting
 + Level 12.4(13.2) Axes
 - Level 8.0(11.7) Maces & Flails
 - Level 6.0 Armour
 - Level 1.5 Dodging
 - Level 3.8 Shields


You had 10 spell levels left.
You didn't know any spells.
Your spell library was empty.

Dungeon Overview and Level Annotations

Branches:
Dungeon (11/15)            Temple (1/1) D:4            Lair (0/5) D:11
    Orc (0/2) D:9          Bailey (visited)

Altars:
Ashenzari
Dithmenos
Elyvilon
Fedhas
Gozag
Hepliaklqana
Kikubaaqudgha
Makhleb
Nemelex Xobeh
Okawaru
Qazlal
Ru
Sif Muna
Trog
Uskayaw
Vehumet
Wu Jian
Xom
Yredelemnul
Zin
The Shining One

Shops:
D:7 (   D:8 (


Innate Abilities, Weirdness & Mutations

You are immune to sickness and miasma.
Your stone body is resilient. (AC +8)
You are immune to poison.
You resist negative energy. (rN+)
You are resistant to electric shocks. (rElec)
You are resistant to unholy torment.
You are immune to petrification.


Message History

You feel yourself moving faster!
You feel mighty! You block the fire elemental's attack.
You feel a strong urge to attack something.
The fire elemental hits you. The fire elemental burns you!
The deep elf pyromancer is engulfed in blazing flames.
The deep elf pyromancer gestures wildly while chanting.
The deep elf pyromancer blinks!
The fire elemental hits you. The fire elemental burns you!
You feel your anger nearly subside.
You are no longer berserk.
You are exhausted.
You feel yourself slow down.
The deep elf pyromancer closely misses you.
The deep elf pyromancer gestures at you while chanting.
The pyre arrow misses you.
The pyre arrow hits the fire elemental.
You barely miss the deep elf pyromancer.
The deep elf pyromancer is lightly wounded.
You closely miss the fire elemental. The fire elemental hits you.
The fire elemental burns you!
The deep elf pyromancer mumbles some strange words.
The fire elemental hits you. The fire elemental burns you!
You barely miss the deep elf pyromancer.
The deep elf pyromancer is lightly wounded.
You barely miss the fire elemental. The fire elemental hits you.
The fire elemental burns you!
The deep elf pyromancer hits you but does no damage.
The fire elemental hits you. The fire elemental burns you!
The deep elf pyromancer gestures at you while chanting.
The pyre arrow hits you.
You are covered in intense liquid fire!
The fire elemental hits you. The fire elemental burns you!
The fire elemental hits you. The fire elemental burns you!
You completely miss the deep elf pyromancer.
The deep elf pyromancer is lightly wounded.
You hit the fire elemental. You closely miss the fire elemental. x2
The liquid fire burns you!
* * * LOW HITPOINT WARNING * * *
The fire elemental barely misses you. The fire elemental hits you.
The fire elemental burns you!
You die...

........#.....#........#
........#.....#######..#
.....?..#.....#.....#..#
........#.....#.....#..#
........#.....#.....#..#
..............#.....####
..............#........#
.......E......#........#
.....°E@......#.....#..#
.......eE.....####..#..#
.........○.......#......
#########........#..#...
#.....#..####..#
#.....#..#......
#.....#..#......
#.....#..#......
#.....#..####...


You could see a deep elf pyromancer and 3 fire elementals.

Vanquished Creatures
  Harold (D:10)
  A boulder beetle (D:11)
  2 two-headed ogres
  Erica (D:11)
  Maggie (D:9)
  A gargoyle (D:9)
  A wraith (D:10)
  A shadow (D:10)
  2 wyverns
  7 yaks
  A warg (D:9)
  A steam dragon (D:10)
  Edmund (D:5)
  2 water moccasins
  Duvessa (D:5)
  3 orc warriors
  2 black bears (D:8)
  A hornet zombie (D:6)
  2 wolves (D:9)
  A centaur (D:9)
  2 ogres
  2 kobold brigands (D:9)
  2 bullfrogs (D:9)
  2 wyvern zombies (D:6)
  2 gnoll sergeants
  A scorpion (D:7)
  9 wights (D:8)
  Dowan (D:5)
  4 howler monkeys
  4 bombardier beetles
  3 bullfrog zombies (D:6)
  2 jellies (D:6)
  4 orc priests
  Crazy Yiuf (D:4)
  2 hounds
  7 orc wizards
  Natasha (thrice) (D:2)
  2 iguanas
  A killer bee zombie (D:6)
  8 gnolls
  6 adders
  4 ribbon worms
  A dart slug (D:1)
  35 orcs
  5 ball pythons
  6 endoplasms
  A giant cockroach (D:3)
  9 hobgoblins
  3 jackals (D:2)
  5 quokkas
  4 bats
  3 frilled lizards
  12 goblins
  13 kobolds
  5 rats (D:2)
207 creatures vanquished.

Vanquished Creatures (others)
  A howler monkey (D:4)
  A bombardier beetle (D:4)
  A hound (D:4)
  A goblin (D:4)
  A kobold (D:4)
5 creatures vanquished.

Grand Total: 212 creatures vanquished

Notes
Turn   | Place    | Note
-------+----------+-------------------------------------------
     0 | D:1      | groovy9 the Gargoyle Berserker began the quest for the Orb.
     0 | D:1      | Reached XP level 1. HP: 14/14 MP: 1/1
   208 | D:1      | Reached XP level 2. HP: 19/19 MP: 2/2
   665 | D:2      | Reached XP level 3. HP: 23/23 MP: 3/3
  1061 | D:2      | Reached ** piety under Trog
  1190 | D:2      | Noticed Natasha
  1194 | D:2      | Killed Natasha
  1195 | D:2      | Reached XP level 4. HP: 29/29 MP: 4/4
  1618 | D:2      | Noticed Natasha
  1627 | D:2      | Killed Natasha
  1628 | D:2      | Reached XP level 5. HP: 33/33 MP: 5/5
  1846 | D:2      | Noticed Natasha
  1851 | D:2      | Killed Natasha
  1953 | D:3      | Found a faded altar of an unknown god.
  2053 | D:3      | Found a hazy altar of Hepliaklqana.
  2429 | D:3      | Found an opulent altar of Gozag.
  3184 | D:4      | Found a radiant altar of Vehumet.
  3345 | D:4      | Found a shimmering altar of Xom.
  3353 | D:4      | Reached skill level 5 in Maces & Flails
  3353 | D:4      | Reached XP level 6. HP: 35/39 MP: 6/6
  3519 | D:4      | Found a staircase to the Ecumenical Temple.
  3531 | Temple   | Entered the Ecumenical Temple
  3668 | D:4      | Found a runed translucent door.
  3669 | D:4      | Noticed Crazy Yiuf
  3676 | D:4      | Killed Crazy Yiuf
  3900 | D:5      | Entered Level 5 of the Dungeon
  3944 | D:5      | Noticed Edmund
  3953 | D:5      | Killed Edmund
  3954 | D:5      | Reached skill level 5 in Fighting
  3954 | D:5      | Reached XP level 7. HP: 44/44 MP: 7/7
  4000 | D:5      | Found a burning altar of Makhleb.
  4265 | D:5      | Noticed Duvessa
  4265 | D:5      | Noticed Dowan
  4290 | D:5      | Killed Duvessa
  4291 | D:5      | Reached skill level 1 in Shields
  4295 | D:5      | Killed Dowan
  4495 | D:5      | Reached skill level 5 in Armour
  4637 | D:5      | Reached XP level 8. HP: 50/50 MP: 8/8
  5372 | D:6      | Found a basalt altar of Yredelemnul.
  5384 | D:6      | Found an iron altar of Okawaru.
  5618 | D:6      | Found a glowing silver altar of Zin.
  5618 | D:6      | Found a broken altar of Ashenzari.
  5792 | D:7      | Found Feeqegef's Weapon Emporium.
  5792 | D:7      | You fall into a shaft and drop 1 floor!
  5907 | D:8      | Reached XP level 9. HP: 56/56 MP: 9/9
  6021 | D:8      | Reached skill level 1 in Axes
  6094 | D:8      | Reached skill level 2 in Axes
  6105 | D:8      | Reached skill level 3 in Axes
  6169 | D:8      | Found Xuaralits's Antique Weapon Boutique.
  6214 | D:8      | Reached skill level 4 in Axes
  6623 | D:8      | Found the +8 trident of the Octopus King {venom, rElec
                  | rPois}
  6633 | D:8      | Reached *** piety under Trog
  6634 | D:8      | Reached skill level 5 in Axes
  6721 | D:8      | Reached skill level 6 in Axes
  6747 | D:8      | Found a bloodstained altar of Trog.
  7121 | D:9      | Noticed Maggie
  7135 | D:9      | Killed Maggie
  7182 | D:9      | Reached skill level 7 in Axes
  7234 | D:9      | Reached XP level 10. HP: 61/61 MP: 10/10
  7330 | D:9      | Noticed a gargoyle
  7333 | D:9      | Killed a gargoyle
  7334 | D:9      | Reached skill level 8 in Axes
  7417 | D:9      | Found a flagged portal.
  7438 | Bailey   | Entered a bailey
  7589 | D:9      | Found a blossoming altar of Fedhas.
  7803 | D:9      | Found a staircase to the Orcish Mines.
  8341 | D:10     | Entered Level 10 of the Dungeon
  8354 | D:10     | Reached skill level 9 in Axes
  8555 | D:10     | Noticed a two-headed ogre
  8574 | D:10     | Killed a two-headed ogre
  8653 | D:10     | Noticed Harold
  8671 | D:10     | Killed Harold
  8672 | D:10     | Reached skill level 10 in Axes
  8801 | D:10     | Reached skill level 11 in Axes
  8801 | D:10     | Reached XP level 11. HP: 66/66 MP: 11/11
  9119 | D:11     | Noticed a boulder beetle
  9181 | D:11     | Killed a boulder beetle
  9225 | D:11     | Found a staircase to the Lair.
  9230 | D:11     | Noticed a two-headed ogre
  9251 | D:11     | Killed a two-headed ogre
  9407 | D:11     | Reached skill level 12 in Axes
  9681 | D:11     | Noticed Erica
  9703 | D:11     | Killed Erica
  9795 | D:11     | Noticed a deep elf pyromancer
  9812 | D:11     | HP: 3/66 [burnt (17)]
  9812 | D:11     | Slain by a fire elemental

Illustrated notes

Levels and vault maps discovered:
D:1:      co_arrival_square_in_a_square_in_a_square, layout_rooms,
          kennysheep_doodads, nrook_campfire, st_stairs_7, chequers_arboretum,
          nrook_mini_vaults, minmay_distorted
D:2:      minmay_alternating_diamond, layout_loops_corners, uniq_natasha
D:3:      layout_basic, nicolae_gozag_cash_rules_everything_around_me,
          worldfamousw_hep_ancestral_shrine, ebering_ecumenical_altar_abandoned,
          minmay_misc_feat_four_crosses
D:4:      layout_basic, xom_confusion_cloud, mainiacjoe_overflow_cross_hatched,
          minmay_temple_entry_proselytizer, chequers_serial_rivers_micro_d,
          uniq_crazy_yiuf_cottage
D:5:      layout_cave_pods, bloody_makhleb, uniq_edmund, uniq_duvessa
D:6:      layout_rooms, nicolae_yredelemnul_corpse_copse,
          okawaru_ov_weapons_minmay, gammafunk_temple_overflow_statue
D:7:      layout_rooms, mainiacjoe_overflow_small_starburst,
          ebering_ghost_inner_flame, nicolae_concentric_dashed_squares_wild,
          nicolae_eternal_life, nicolae_stop_n_shop_1, monkooky_shop_mail_order
D:8:      layout_basic, trog_ov_bears_minmay, serial_shops,
          nicolae_shop_just_a_little_nook
D:9:      layout_basic, fedhas_altar_1, minmay_orc_entry_guard_dogs,
          enter_bailey_5, kennysheep_generic_room_10, uniq_maggie
D:10:     layout_rooms, hangedman_abyss_or_decor_lesser_grid, uniq_harold
D:11:     layout_grid_maze, dpeg_oklobed_lair, serial_library_hellmonk_junction,
          lemuel_blue_sif_altar, uniq_erica
Temple:   zaba_magenta_temple

Skill      XL: |  1  2  3  4  5  6  7  8  9 10 11 |
---------------+----------------------------------+-----
Maces & Flails | 4 5 6 8 |  8.0
Armour         | 3 4 5 6 |  6.0
Fighting       | 4 5 6 |  6.5
Shields        | 2 3 |  3.8
Axes           | 7 11 12 | 12.4
Dodging        | |  1.5

Action                     |  1- 3 |  4- 6 |  7- 9 | 10-12 || total
---------------------------+-------+-------+-------+-------++-------
  Melee: Mace              |    82 |    51 |       |       ||   133
         Flail             |       |    67 |   182 |       ||   249
         Punch             |       |     1 |       |       ||     1
         Broad axe         |       |       |   103 |   229 ||   332
 Invoke: Berserk           |     4 |     8 |    14 |    11 ||    37
         Trog's Hand       |       |     1 |     3 |     8 ||    12
    Use: Scroll            |       |     6 |       |     4 ||    10
 Armour: Animal skin       |    23 |       |       |       ||    23
         Ring mail         |    29 |    34 |       |       ||    63
         Chain mail        |       |     5 |       |       ||     5
         Plate armour      |       |    24 |   194 |   217 ||   435
  Dodge: Dodged            |    52 |    48 |    76 |    58 ||   234
  Block: Buckler           |       |       |    58 |    60 ||   118
